 Dungeon Crawl Stone Soup version 0.31-a0-569-g7ea453304b (webtiles) character file.

Game seed: 14272246795701654777

127508 Scrael the Unseen (level 17, -11/81 HPs)
             Began as a Vine Stalker Fighter on Aug 18, 2023.
             Was a Believer of Uskayaw.
             Killed from afar by a fire giant (illusionary) (33 damage)
             ... with a fireball
             ... on level 1 of the Depths.
             The game lasted 00:41:35 (21167 turns).

Scrael the Unseen (Vine Stalker Fighter)           Turns: 21167, Time: 00:41:35

Health: -11/81     AC: 20    Str: 19    XL:     17   Next: 1%
Magic:  0/28       EV: 35    Int:  8    God:    Uskayaw [**....]
Gold:   2094       SH: 13    Dex: 28    Spells: 16/16 levels left

rFire   . . .        o - +4 short sword (venom)
rCold   . . .        q - +0 kite shield {reflect}
rNeg    + . .        h - +7 ring mail of Omission {Regen+}
rPois   .            k - +2 hat
rElec   .            w - +0 cloak
rCorr   .            P - +2 pair of gloves
SInv    +            K - +0 pair of boots
Will    ++++.        Y - amulet of Mirth {Acrobat Rampage rN+ Will+ SInv}
Stlth   +++++++      A - ring of willpower
HPRegen 1.93/turn    W - +6 ring of dexterity
MPRegen 0.21/turn

%: reflection, acrobat, guardian spirit, rampage
@: acrobatic
A: fangs 3, regeneration 1, magic shield, antimagic bite, no potion heal 2
a: Renounce Religion, Stomp, Line Pass


You were on level 1 of the Depths.
You worshipped Uskayaw.
Uskayaw was pleased with you.
You visited 6 branches of the dungeon, and saw 25 of its levels.

You collected 2285 gold pieces.
You spent 191 gold pieces at shops.

Inventory:

Hand Weapons
 o - a +4 short sword of venom (weapon)
 O - a +6 double sword of distortion
 X - a +0 short sword of distortion
Missiles
 n - 17 boomerangs (quivered)
 B - 11 silver javelins
 C - 5 throwing nets
 H - 6 javelins
Armour
 h - the +7 ring mail of Omission (worn) {Regen+}
   (You found it on level 4 of the Dungeon)

   Regen+:    It increases your rate of health regeneration.
 k - a +2 hat (worn)
 q - a +0 kite shield of reflection (worn)
 w - a +0 cloak (worn)
 K - a +0 pair of boots (worn)
 P - a +2 pair of gloves (worn)
Jewellery
 a - a ring of resist corrosion
 m - a ring of protection from fire
 A - a ring of willpower (left hand)
 W - a +6 ring of dexterity (right hand)
 Y - the amulet of Mirth (around neck) {Acrobat Rampage rN+ Will+ SInv}
   (You found it on level 5 of the Lair of Beasts)

   [amulet of the acrobat]

   Acrobat:   It increases your evasion while moving and waiting.
   rN+:       It protects you from negative energy.
   Will+:     It increases your willpower.
   SInv:      It lets you see invisible.
   Rampage:   It bestows one free step when moving towards enemies.
 Z - the ring "Causugop" {Wiz Str+2 Dex+5}
   (You found it on level 5 of the Lair of Beasts)

   [ring of wizardry]

   Wiz:       It improves your spell success rate.
   Str+2:     It affects your strength (+2).
   Dex+5:     It affects your dexterity (+5).
Wands
 b - a wand of mindburst (8)
 t - a wand of polymorph (11)
 x - a wand of flame (63)
 F - a wand of paralysis (13)
 N - a wand of acid (13)
 R - a wand of iceblast (39)
 U - a wand of digging (11)
Scrolls
 c - a scroll of silence
 j - 4 scrolls of enchant armour
 p - 4 scrolls of teleportation
 r - 2 scrolls of butterflies
 v - 2 scrolls of amnesia
 y - 3 scrolls of blinking
 G - 3 scrolls of vulnerability
 I - 5 scrolls of revelation
 M - 2 scrolls of immolation
 Q - 3 scrolls of fear
 T - a scroll of enchant weapon
 V - 2 scrolls of fog
Potions
 d - 3 potions of might
 e - 5 potions of lignification
 f - 3 potions of mutation
 g - a potion of cancellation
 i - 5 potions of haste
 l - 2 potions of berserk rage {unknown}
 s - a potion of magic
 u - a potion of invisibility
 z - 7 potions of curing
 D - a potion of resistance
 J - 2 potions of brilliance
 L - 3 potions of attraction
 S - 2 potions of degeneration {unknown}


   Skills:
 + Level 5.9 Fighting
 - Level 14.0 Short Blades
 + Level 1.6 Throwing
 + Level 4.5 Armour
 + Level 10.9 Dodging
 - Level 18.2 Stealth
 * Level 8.2 Shields
 + Level 14.1 Invocations
 * Level 3.5 Evocations


You had 16 spell levels left.
You didn't know any spells.
Your spell library contained the following spells:

 Spells                   Type           Power      Damage    Failure   Level
 Summon Small Mammal      Summ           0%         N/A       83%         1
 Blink                    Tloc           0%         N/A       93%         2
 Lesser Beckoning         Tloc           0%         N/A       93%         2
 Momentum Strike          Conj/Tloc      0%         3d8       93%         2
 Scorch                   Fire           0%         2d5       93%         2
 Sublimation of Blood     Necr           0%         N/A       93%         2
 Call Canine Familiar     Summ           0%         N/A       99%         3
 Dazzling Flash           Conj/Hex       0%         N/A       99%         3
 Frozen Ramparts          Ice            0%         1d1       99%         3
 Stone Arrow              Conj/Erth      0%         3d7       99%         3
 Summon Guardian Golem    Hex/Summ       0%         N/A       99%         3
 Tukima's Dance           Hex            0%         N/A       99%         3
 Volatile Blastmotes      Fire/Tloc      0%         2d10      99%         3
 Flame Wave               Conj/Fire      0%         2d4       100%        4
 Iskenderun's Mystic Bla  Conj/Tloc      0%         2d3       100%        4
 Leda's Liquefaction      Hex/Erth       0%         N/A       100%        4
 Passage of Golubria      Tloc           0%         N/A       100%        4
 Petrify                  Tmut/Erth      0%         N/A       100%        4
 Arcjolt                  Conj/Air       0%         1d10      100%        5
 Irradiate                Conj/Tmut      0%         3d11      100%        5
 Lee's Rapid Deconstruct  Erth           0%         3d4*      100%        5
 Metabolic Englaciation   Hex/Ice        0%         N/A       100%        5
 Yara's Violent Unravell  Hex/Tmut       0%         3d3       100%        5
 Conjure Ball Lightning   Conj/Air       0%         3x3d6     100%        6
 Leda's Unmaking          Conj/Erth      0%         9d1       100%        6
 Simulacrum               Ice/Necr       0%         N/A       100%        6
 Starburst                Conj/Fire      0%         6d3       100%        6
 Summon Cactus Giant      Summ           0%         N/A       100%        6
 Ozocubu's Refrigeration  Ice            0%         4d7       100%        7
 Maxwell's Capacitive Co  Air            0%         ∞         100%        8
 Polar Vortex             Ice            0%         N/A       100%        9


Dungeon Overview and Level Annotations

Branches:
Dungeon (15/15)            Temple (1/1) D:4            Lair (5/5) D:11
 Shoals (0/4) Lair:2       Spider (0/4) Lair:2        Slime (1/5) Lair:5
    Orc (2/2) D:12            Elf (0/3) Orc:2        Vaults (0/5) D:14
 Depths (1/4) D:15

Altars:
Ashenzari
Cheibriados
Dithmenos
Elyvilon
Fedhas
Gozag
Hepliaklqana
Kikubaaqudgha
Makhleb
Nemelex Xobeh
Okawaru
Qazlal
Ru
Sif Muna
Trog
Uskayaw
Vehumet
Wu Jian
Xom
Yredelemnul
Zin
The Shining One

Shops:
D:2 [   D:5 !   Orc:2 :=*?   Depths:1 [

Annotations:
D:10 1 runed translucent door, Ignak's ghost, journeyman GnAE
Lair:2 exclusion: oklob plant


Innate Abilities, Weirdness & Mutations

You have razor-sharp teeth.
Your natural rate of healing is unusually fast.
When hurt, damage is shared between your health and your magic reserves.
Your bite disrupts and absorbs the magic of your enemies.
Potions cannot restore your health.


Message History

The helpless fire giant fails to defend itself.
You stick the fire giant like a pincushion!!!!!
You kill the fire giant!
The fire giant's corpse shimmers and vanishes!
The fire giant shouts!
You puncture the fire giant!
The fire giant is poisoned.
You bite the fire giant.
The fire giant's magic leaks into the air.
You drain its magic.
The fire giant is lightly wounded.
You can now pass through a line of other dancers.
You barely miss the fire giant. You bite the fire giant.
The fire giant's magic leaks into the air.
You drain its magic.
The fire giant is lightly wounded.
The rakshasa closely misses you.
The fire giant hits you with a +1 great sword of flaming!
The fire giant burns you.
You hit the fire giant.
The fire giant looks as sick as possible!
You bite the fire giant, but do no damage.
The fire giant is lightly wounded.
The fire giant points at you and mumbles some strange words.
The bolt of fire hits you!! The rakshasa gestures at you.
The lance of force hits you!
You are knocked back by the lance of force.
The fire giant's magic is no longer disrupted.
The fire giant points at you and mumbles some strange words.
The fireball explodes!
The fireball engulfs you!!!
* * * LOW HITPOINT WARNING * * *
Okay, then.
The rakshasa weaves an illusion.
The fire giant shimmers and seems to become two!
The rakshasa weaves an illusion.
The fire giant shimmers and seems to become two!
The fire giant casts a spell at you.
The fireball explodes!
The fireball engulfs the fire giant!
The fire giant resists.
The fireball engulfs you!!!
You die...

##......###
##.........## .......#
#....)......##.......#
###.....#......#.......#
..'....#.###...##......#
###....#[..#....#......#
#....#.#)#....#......#
#....#...#....#.../..#
##...###.#....@......#
#......#.....#C.....#
##...........#......#
#.........##CC....# ####
#......##....^..# ....
########........# ....
...........# ....
.............# ....
.............#


You could see 3 fire giants.

Vanquished Creatures
  Donald (Orc:2)
  A juggernaut zombie (D:15)
  A fire dragon (D:12)
  Harold (Lair:2)
  A rakshasa (Depths:1)
  6 hydras
  6 centaur warriors
  2 ice dragons (Depths:1)
  5 ogre magi
  Erica (Lair:2)
  6 boulder beetles
  4 death knights
  25 two-headed ogres
  9 death yaks
  2 tengu warriors
  A deep troll earth mage (Depths:1)
  Urug (D:10)
  A deep elf knight (D:12)
  Sonja (Lair:5)
  8 skeletal warriors
  A skyshark (Lair:3)
  A flayed ghost (D:12)
  2 goliath frogs (Lair:5)
  5 phantasmal warriors
  Pikel (D:5)
  4 orc knights
  A necromancer (D:15)
  A wolf spider (D:14)
  3 deep elf pyromancers
  29 ugly things
  2 manticores (D:14)
  6 cyclopes
  4 elephants
  A merfolk siren (Lair:2)
  2 black mambas (Lair:5)
  A guardian serpent (shapeshifter) (D:12)
  A torpor snail (Lair:1)
  19 cane toads
  2 unseen horrors (shapeshifter) (D:14)
  4 gargoyles (D:12)
  A spriggan zombie (D:15)
  12 komodo dragons
  2 unseen horrors (D:13)
  A yaktaur (D:14)
  3 freezing wraiths
  2 tengu conjurers
  A kobold demonologist (D:10)
  2 merfolk (Lair:2)
  A guardian mummy (D:15)
  2 polar bears
  9 trolls
  2 tyrant leeches (Lair:5)
  A hornet (shapeshifter) (D:12)
  Prince Ribbit (D:8)
  33 blink frogs
  A hornet (D:8)
  6 dream sheep (Lair:4)
  A shadow (D:11)
  2 jumping spiders (Lair:2)
  6 wyverns
  10 slime creatures
  42 yaks
  Sigmund (D:3)
  4 vampires
  15 humans (D:14)
  3 wraiths
  2 steam dragons
  3 redbacks (Lair:2)
  6 basilisks
  14 vampire mosquitoes
  2 acid dragons
  3 black bears (Lair:1)
  Duvessa (D:6)
  2 glowing shapeshifter skeletons (D:15)
  14 orc warriors
  16 water moccasins
  A black bear (shapeshifter) (D:15)
  27 ogres
  14 wolves
  12 centaurs
  3 kobold brigands
  2 phantoms (D:5)
  Blork the orc (D:6)
  21 bullfrogs
  2 scorpions
  3 gnoll sergeants
  Dowan (D:6)
  4 killer bees
  4 howler monkeys
  3 electric eels
  11 orc priests
  2 hounds
  4 jellies
  Crazy Yiuf (D:3)
  6 gnoll boudas
  Jessica (D:3)
  2 iguanas (D:7)
  22 orc wizards
  Ijyb (D:3)
  12 hell rats
  9 adders
  44 gnolls
  17 river rats (Lair:3)
  2 shadow imps
  2 white imps
  4 worms
  6 dart slugs
  51 orcs
  8 endoplasms
  3 giant cockroaches
  9 goblins
  8 hobgoblins
  10 jackals
  12 quokkas
  5 ball pythons
  8 bats
  A frilled lizard (D:3)
  17 kobolds
  12 rats
788 creatures vanquished.

Vanquished Creatures (others)
  A white imp (D:8)
1 creature vanquished.

Grand Total: 789 creatures vanquished

Notes
Turn   | Place    | Note
-------+----------+-------------------------------------------
     0 | D:1      | Scrael the Vine Stalker Fighter began the quest for the
                  | Orb.
     0 | D:1      | Reached XP level 1. HP: 11/11 MP: 2/2
   108 | D:1      | Reached XP level 2. HP: 14/16 MP: 3/3
   389 | D:1      | Reached XP level 3. HP: 19/19 MP: 4/4
  1161 | D:2      | Gained mutation: Your natural rate of healing is unusually
                  | fast. [Vine Stalker growth]
  1161 | D:2      | Reached XP level 4. HP: 23/24 MP: 5/5
  1282 | D:2      | Found Niybbogy's Armour Shoppe.
  1794 | D:3      | Reached skill level 1 in Stealth
  1823 | D:3      | Noticed Jessica
  1834 | D:3      | Killed Jessica
  1835 | D:3      | Reached XP level 5. HP: 22/28 MP: 3/6
  1975 | D:3      | Found a sparkling altar of Nemelex Xobeh.
  2186 | D:3      | Found a runed translucent door.
  2187 | D:3      | Noticed Crazy Yiuf
  2350 | D:3      | Noticed Sigmund
  2365 | D:3      | Killed Sigmund
  2366 | D:3      | Reached skill level 1 in Dodging
  2366 | D:3      | Reached skill level 2 in Stealth
  2366 | D:3      | Reached XP level 6. HP: 32/32 MP: 7/7
  2372 | D:3      | Noticed Ijyb
  2388 | D:3      | Killed Ijyb
  2579 | D:3      | Killed Crazy Yiuf
  2682 | D:4      | Found a staircase to the Ecumenical Temple.
  2711 | Temple   | Entered the Ecumenical Temple
  2736 | Temple   | Became a worshipper of Uskayaw the Reveller
  2785 | D:4      | Reached * piety under Uskayaw
  2790 | D:4      | Reached ** piety under Uskayaw
  3031 | D:3      | Reached XP level 7. HP: 36/36 MP: 8/8
  3036 | D:3      | Reached *** piety under Uskayaw
  3110 | D:4      | Reached **** piety under Uskayaw
  3114 | D:4      | Reached ***** piety under Uskayaw
  3115 | D:4      | Reached skill level 5 in Short Blades
  3115 | D:4      | Reached skill level 3 in Stealth
  3161 | D:4      | Found a blossoming altar of Fedhas.
  3161 | D:4      | Found an ancient bone altar of Kikubaaqudgha.
  3176 | D:4      | Reached skill level 1 in Invocations
  3268 | D:4      | Identified the +7 ring mail of Omission {Regen+}
  3502 | D:4      | Found a hazy altar of Hepliaklqana.
  4000 | D:5      | Entered Level 5 of the Dungeon
  4129 | D:5      | Gained mutation: You have razor-sharp teeth. [Vine Stalker
                  | growth]
  4129 | D:5      | Reached XP level 8. HP: 42/42 MP: 10/10
  4137 | D:5      | Noticed Pikel
  4170 | D:4      | Reached skill level 4 in Stealth
  4179 | D:5      | Killed Pikel
  4180 | D:5      | Reached skill level 5 in Stealth
  4326 | D:5      | Found Bememeu's Distillery.
  4330 | D:5      | Bought a potion of curing for 30 gold pieces
  4455 | D:5      | Reached XP level 9. HP: 45/45 MP: 10/12
  4506 | D:5      | Found a stormy altar of Qazlal.
  4603 | D:5      | Found a snail-covered altar of Cheibriados.
  4716 | D:6      | Reached skill level 6 in Stealth
  5098 | D:6      | Noticed Blork the orc
  5105 | D:6      | Killed Blork the orc
  5250 | D:6      | Noticed Duvessa
  5250 | D:6      | Noticed Dowan
  5268 | D:6      | Killed Duvessa
  5269 | D:6      | Killed Dowan
  5518 | D:6      | Found a glowing silver altar of Zin.
  5728 | D:7      | Reached skill level 7 in Stealth
  5739 | D:7      | Reached skill level 1 in Throwing
  6166 | D:8      | Reached XP level 10. HP: 51/51 MP: 13/13
  6488 | D:8      | Found a shimmering altar of Xom.
  6554 | D:8      | Noticed Prince Ribbit
  6559 | D:8      | Killed Prince Ribbit
  6882 | D:9      | Noticed a two-headed ogre
  6890 | D:9      | Reached skill level 8 in Stealth
  6890 | D:9      | Reached skill level 5 in Shields
  6902 | D:9      | Killed a two-headed ogre
  6903 | D:9      | Reached skill level 5 in Invocations
  6912 | D:9      | Reached ****** piety under Uskayaw
  7026 | D:9      | Reached skill level 5 in Fighting
  7359 | D:9      | Found a burning altar of Makhleb.
  7403 | D:10     | Entered Level 10 of the Dungeon
  7403 | D:10     | Noticed a kobold demonologist
  7422 | D:10     | Killed a kobold demonologist
  7423 | D:10     | Reached skill level 9 in Stealth
  7423 | D:10     | Reached XP level 11. HP: 55/55 MP: 13/16
  7536 | D:10     | Reached skill level 10 in Short Blades
  7884 | D:10     | Noticed Urug
  7887 | D:10     | Killed Urug
  8021 | D:10     | Found a runed translucent door.
  8023 | D:10     | Noticed Ignak's ghost (journeyman GnAE)
  8023 | D:10     | Identified the +3 spear "Xifurog" {antimagic, Str+3 Int+4}
  8024 | D:10     | Noticed a spriggan rider
  8596 | D:11     | Reached skill level 5 in Dodging
  8629 | D:11     | Found a bloodstained altar of Trog.
  8804 | D:11     | Noticed a two-headed ogre
  8822 | D:11     | Killed a two-headed ogre
  8823 | D:11     | Reached skill level 10 in Stealth
  8946 | D:11     | Found a staircase to the Lair.
  9125 | D:12     | Found a staircase to the Orcish Mines.
  9134 | D:12     | Noticed a cyclops
  9156 | D:12     | Killed a cyclops
  9165 | D:12     | Noticed a deep elf pyromancer
  9172 | D:12     | Reached XP level 12. HP: 59/60 MP: 15/18
  9174 | D:12     | Noticed a boulder beetle
  9189 | D:12     | Noticed a fire dragon
  9189 | D:12     | Noticed a deep elf knight
  9194 | D:12     | Noticed a two-headed ogre
  9215 | D:11     | Killed a two-headed ogre
  9279 | Lair:1   | Entered Level 1 of the Lair of Beasts
  9293 | Lair:1   | Noticed a boulder beetle
  9335 | Lair:1   | Killed a boulder beetle
  9336 | Lair:1   | Reached skill level 11 in Stealth
  9396 | Lair:1   | Noticed a death yak
  9396 | Lair:1   | Noticed a death yak
  9398 | Lair:1   | Noticed a death yak
  9398 | Lair:1   | Noticed a death yak
  9398 | Lair:1   | Noticed a death yak
  9434 | Lair:1   | Killed a death yak
  9477 | Lair:1   | Killed a death yak
  9482 | Lair:1   | Killed a death yak
  9482 | Lair:1   | Killed a death yak
  9486 | Lair:1   | Killed a death yak
 10469 | Lair:2   | Reached XP level 13. HP: 60/63 MP: 20/20
 10478 | Lair:2   | Reached skill level 12 in Stealth
 10556 | Lair:2   | Found a hole to the Spider Nest.
 10558 | Lair:2   | Noticed Erica
 10569 | Lair:2   | Killed Erica
 10848 | Lair:2   | Found a blossoming altar of Fedhas.
 11169 | Lair:2   | Got the Vellum of Misty Lava
 11171 | Lair:2   | Noticed Harold
 11190 | Lair:2   | Killed Harold
 11225 | Lair:2   | Found a staircase to the Shoals.
 11824 | Lair:3   | Reached skill level 13 in Stealth
 12941 | Lair:3   | Reached skill level 14 in Stealth
 13211 | Lair:4   | Identified the +1 trident "Vuuw" {heavy, Fragile Dex+2 SInv
                  | Stlth+}
 13263 | Lair:4   | Reached XP level 14. HP: 67/68 MP: 20/22
 13864 | Lair:5   | Entered Level 5 of the Lair of Beasts
 13878 | Lair:5   | Reached skill level 10 in Invocations
 14026 | Lair:5   | Reached skill level 15 in Stealth
 14125 | Lair:5   | Noticed Sonja
 14143 | Lair:5   | Killed Sonja
 14151 | Lair:5   | Identified the amulet of Mirth {Acrobat Rampage rN+ Will+
                  | SInv}
 14396 | Lair:5   | Identified the +0 robe of Resonance {Dex+6}
 14574 | Lair:5   | Found a staircase to the Slime Pits.
 14900 | Lair:5   | Identified the ring "Causugop" {Wiz Str+2 Dex+5}
 14966 | Slime:1  | Entered Level 1 of the Pits of Slime
 14966 | Slime:1  | Noticed a rockslime
 14966 | Slime:1  | Noticed an azure jelly
 15226 | D:12     | Reached skill level 16 in Stealth
 15255 | D:12     | Identified the +5 falchion "Orb Guardian's Death" {elec,
                  | rElec rCorr Str+5 Int-2}
 15533 | D:12     | Reached XP level 15. HP: 72/72 MP: 24/24
 15782 | D:12     | Reached skill level 17 in Stealth
 16673 | D:14     | Found a gate to the Vaults.
 16847 | D:14     | Reached skill level 18 in Stealth
 17184 | D:14     | Got the Encyclopedia of Confrontation
 17239 | D:14     | Reached skill level 10 in Dodging
 17736 | D:14     | Identified the +3 leather armour "Heath" {*Corrode rElec
                  | Str+6 Stlth-}
 17932 | D:15     | Entered Level 15 of the Dungeon
 17943 | D:15     | Reached XP level 16. HP: 64/76 MP: 20/26
 18233 | Orc:1    | Entered Level 1 of the Orcish Mines
 18667 | Orc:2    | Entered Level 2 of the Orcish Mines
 18747 | Orc:2    | Found a staircase to the Elven Halls.
 18761 | Orc:2    | Noticed Donald
 18768 | Orc:2    | Killed Donald
 18803 | Orc:2    | Reached skill level 1 in Evocations
 18852 | Orc:2    | Found Usas's Book Shoppe.
 18852 | Orc:2    | Found Koisk's Assorted Antiques.
 18853 | Orc:2    | Found Napout's Jewellery Boutique.
 18853 | Orc:2    | Found Zoqedwe's Magic Scroll Emporium.
 18889 | Orc:2    | Bought a scroll of silence for 133 gold pieces
 18889 | Orc:2    | Bought a scroll of identify for 28 gold pieces
 19836 | D:15     | Found a staircase to the Depths.
 20418 | D:15     | Found a shimmering blue altar of Sif Muna.
 21081 | Depths:1 | Entered Level 1 of the Depths
 21131 | Depths:1 | Reached XP level 17. HP: 81/81 MP: 28/28
 21158 | Depths:1 | Found Nilekhimm's Antique Armour Emporium.
 21167 | Depths:1 | Killed from afar by a fire giant (illusionary)

Illustrated notes

Levels and vault maps discovered:
D:1:      dpeg_cavernosity, layout_basic
D:2:      layout_loops_ring, serial_shops, shop, kennysheep_decorative_pillar
D:3:      layout_loops_ring, nemelex_spade_bored_becter, uniq_sigmund,
          uniq_jessica, uniq_crazy_yiuf_cottage, uniq_ijyb
D:4:      layout_layer_cave, gammafunk_temple_overflow_forgotten,
          minmay_temple_entry_statues
D:5:      layout_cave_pools, lemuel_tele_altar, slow_altar_2,
          serial_column_ruins, column_ruins_corridor_straight,
          column_ruins_columns_corner, column_ruins_open_large,
          column_ruins_open_tiny, column_ruins_columns_T, serial_shops,
          nicolae_shop_pleasant_corner_grove, uniq_pikel
D:6:      cheibrodos_helix_gallery, layout_cave_pods, zin_scriptorium,
          minmay_misc_feat_four_crosses, uniq_duvessa, uniq_blork_the_orc
D:7:      layout_rooms
D:8:      layout_rooms, mainiacjoe_overflow_tiny_flanked, grunt_decor_cap,
          uniq_prince_ribbit1
D:9:      layout_rooms, mainiacjoe_overflow_surrounded_room,
          minmay_stone_trees_small, st_stairs_3
D:10:     layout_loops_corners, ebering_ghost_funeral_grove,
          nicolae_concentric_dashed_squares_wild, minmay_quadrilaterals,
          uniq_urug
D:11:     layout_rooms, erik_lair_dragon, bloody_trog
D:12:     hangedman_cross_veins, layout_small_grid, orc_0_dummy,
          minmay_pinched_square
D:13:     layout_roguey
D:14:     minmay_wavy_crystal, layout_irregular_city, david_vaults_3,
          minmay_misc_feat_chi
D:15:     gammafunk_depths_entry_grave, layout_loops_corners, serial_aquarium,
          aquarium_bridge_square [aquarium_subvault_bridge,
          aquarium_subvault_bridge, aquarium_subvault_bridge,
          aquarium_subvault_wall], aquarium_bridge_straight
          [aquarium_subvault_bridge, aquarium_subvault_window,
          aquarium_subvault_bridge, aquarium_subvault_balcony],
          aquarium_window_1, aquarium_window_1, aquarium_window_fake,
          aquarium_window_corridor_1, aquarium_view_2e,
          aquarium_balcony_double_1, st_stairs_7, tgw_sif
Temple:   oiseaux_autumnal_temple
Lair:1:   layout_regular_city, gammafunk_lair_bear_cave
Lair:2:   layout_regular_city, elwin_shoals_entry_stream,
          nicolae_spider_entry_tight_spaces, st_stairs_6, tgw_fedhas,
          uniq_maggie, uniq_harold, uniq_erica
Lair:3:   lemuel_ratsnest, layout_regular_city, infiniplex_staircase_pool,
          serial_bayou_shore_b, grunt_megastairs_5
Lair:4:   layout_regular_city
Lair:5:   minmay_lair_end_frog_pond, layout_long_grid, slime_entry_1,
          nicolae_lair_lil_pond, uniq_sonja
Slime:1:  layout_caves
Orc:1:    layout_diamond_mine, basic_altar
Orc:2:    st_orc_ogre_mass, layout_caves, uniq_donald
Depths:1: layout_forbidden_donut, chequers_big_river, abyss_entry,
          pf_coc_iceberg, serial_shops, nicolae_shop_overgrown_old_shop,
          drop_trap, kennysheep_potato, minmay_shop_grove

Skill      XL: |  1  2  3  4  5  6  7  8  9 10 11 12 13 14 15 16 |
---------------+-------------------------------------------------+-----
Short Blades   | 2 3 4 5 6 8 9 11 12 14 | 14.0
Fighting       | 3 4 5 |  5.9
Shields        | 3 4 5 8 |  8.2
Armour         | 3 4 |  4.5
Stealth        | 1 2 3 5 7 9 10 11 14 16 18 | 18.2
Dodging        | 1 2 3 4 5 6 7 9 10 | 10.9
Invocations    | 1 2 3 5 6 8 9 11 13 14 | 14.1
Throwing       | 1 |  1.6
Evocations     | 3 |  3.5

Action                     |  1- 3 |  4- 6 |  7- 9 | 10-12 | 13-15 | 16-18 || total
---------------------------+-------+-------+-------+-------+-------+-------++-------
  Melee: Rapier            |   119 |   160 |   424 |   740 |  1218 |       ||  2661
         Bite              |    32 |    45 |   135 |   317 |   687 |   260 ||  1476
         Short sword       |       |       |       |       |   319 |   547 ||   866
  Throw: Boomerang         |       |       |     6 |     4 |       |     4 ||    14
 Invoke: Line Pass         |       |       |       |     1 |     2 |     4 ||     7
         Grand Finale      |       |       |       |     1 |     4 |     3 ||     8
         Stomp             |       |       |       |       |     1 |     1 ||     2
    Use: Scroll            |       |     1 |    13 |     6 |     5 |     2 ||    27
   Stab: Distracted        |       |     1 |     2 |       |    12 |     2 ||    17
         Paralysed         |       |       |    19 |    43 |    84 |    40 ||   186
         Sleeping          |       |       |     4 |    12 |    29 |    10 ||    55
         Confused          |       |       |       |       |     1 |     5 ||     6
 Armour: Scale mail        |    50 |     7 |       |       |       |       ||    57
         Ring mail         |       |    65 |   206 |   234 |   336 |    64 ||   905
  Dodge: Dodged            |    47 |    58 |   212 |   322 |   715 |   246 ||  1600
  Block: Buckler           |    21 |    37 |   170 |   343 |   555 |    74 ||  1200
         Reflection        |       |       |     4 |    13 |     2 |     2 ||    21
         Kite shield       |       |       |       |       |       |   132 ||   132

Table legend: (Time is in decaauts)
 A = Elapsed time spent in this place.
 B = Non-inter-level travel time spent in this place.
 C = Inter-level travel time spent in this place.
 D = Time resting spent in this place.
 E = Time spent auto-exploring this place.
 F = Levels seen in this place.
 G = Mean time per level.
                   A        B        C        D        E       F      G
               +--------+--------+--------+--------+--------+-----+--------+
         Total |  20061 |  18721 |   1340 |    100 |  13732 |  25 |  802.4 |
       Dungeon |  13187 |  12399 |    788 |    100 |   9127 |  15 |  879.1 |
        Temple |     50 |      2 |     48 |      0 |      0 |   1 |   50.0 |
          Lair |   5306 |   5044 |    262 |      0 |   3646 |   5 | 1061.2 |
    Slime Pits |      1 |      1 |      0 |      0 |      0 |   1 |    1.0 |
  Orcish Mines |   1433 |   1192 |    241 |      0 |    907 |   2 |  716.5 |
        Depths |     82 |     82 |      0 |      0 |     52 |   1 |   82.0 |
               +--------+--------+--------+--------+--------+-----+--------+

Top non-repeatable levels by time:
  Lair:3: 1327 daAuts
    D:15: 1293 daAuts
    D:14: 1219 daAuts
     D:4: 1204 daAuts
  Lair:2: 1148 daAuts
    D:12: 1098 daAuts
     D:1: 1071 daAuts
    D:10: 1038 daAuts
     D:3: 993 daAuts
  Lair:1: 984 daAuts
   Orc:2: 955 daAuts
  Lair:4: 938 daAuts
     D:6: 914 daAuts
  Lair:5: 908 daAuts
     D:2: 719 daAuts
